 Dungeon Crawl Stone Soup version 0.29.0-7-g18a832c13a (webtiles) character file.

Game seed: 12383855981834417969

1201 Arum the Trooper (level 8, -16/67 HPs)
             Began as a Formicid Fighter on Aug 30, 2022.
             Was an Initiate of Makhleb.
             Killed by an exploding bullfrog (29 damage)
             ... ignited by their inner flame
             ... on level 6 of the Dungeon.
             The game lasted 00:08:04 (4868 turns).

Arum the Trooper (Formicid Fighter)                 Turns: 4868, Time: 00:08:05

Health: -16/67     AC:  9    Str: 23    XL:     8   Next: 72%
Magic:  8/8        EV:  9    Int: 14    God:    Makhleb [......]
Gold:   241        SH: 10    Dex: 13    Spells: 7/7 levels left

rFire   . . .      SeeInvis +   a - +0 quarterstaff
rCold   + . .      Faith    .   H - +1 kite shield
rNeg    . . .      Spirit   .   F - +2 ring mail {rC+}
rPois   .          Reflect  .   (helmet unavailable)
rElec   .          Harm     .   (no cloak)
rCorr   .          Rampage  .   (no gloves)
Will    .....                   s - +0 pair of boots
Stlth   +.........              y - amulet of regeneration
HPRegen 1.01/turn               f - +6 ring of intelligence
MPRegen 0.11/turn               (no ring)

@: weak-willed, fire susceptible
A: permanent stasis, dig shafts and tunnels, antennae 3, four strong arms
a: Dig, Shaft Self, Renounce Religion


You were on level 6 of the Dungeon.
You worshipped Makhleb.
Makhleb was noncommittal.
You visited 1 branch of the dungeon, and saw 6 of its levels.

You collected 241 gold pieces.

Inventory:

Hand Weapons
 a - a +0 quarterstaff (weapon)
Missiles
 p - 6 javelins
 u - 6 silver javelins
Armour
 s - a +0 pair of boots (worn)
 F - a +2 ring mail of cold resistance (worn)
 H - a +1 kite shield (worn)
Jewellery
 f - a +6 ring of intelligence (left hand)
 o - an amulet of reflection
 y - an amulet of regeneration (around neck)
Wands
 B - a wand of charming (8)
 E - a wand of flame (15)
 G - a wand of roots (6)
Scrolls
 b - 2 scrolls of summoning
 i - 2 scrolls of poison
 j - 2 scrolls of enchant armour
 m - a scroll of enchant weapon {unknown}
 n - a scroll of teleportation {unknown}
 q - 2 scrolls of identify {unknown}
 w - a scroll of amnesia {unknown}
 x - 2 scrolls of vulnerability
 z - 2 scrolls of fog {unknown}
 C - a scroll of brand weapon {unknown}
 D - 2 scrolls of noise {unknown}
Potions
 d - a potion of might
 e - a potion of mutation {unknown}
 g - a potion of resistance {unknown}
 h - 3 potions of haste {unknown}
 l - 2 potions of ambrosia
 r - a potion of curing
 t - a potion of heal wounds {unknown}
 v - 3 potions of flight {unknown}
 A - a potion of brilliance {unknown}


   Skills:
 + Level 7.0 Fighting
 + Level 5.9 Staves
 + Level 7.0 Armour
 - Level 4.0 Shields


You had 7 spell levels left.
You didn't know any spells.
Your spell library contained the following spells:

 Spells                   Type           Power      Damage    Failure   Level
 Shock                    Conj/Air       0%         1d3       69%         1
 Ozocubu's Armour         Ice            0%         N/A       96%         3
 Airstrike                Air            0%         2d(0-16)  100%        4
 Ozocubu's Refrigeration  Ice            0%         4d7       100%        7
 Swiftness                Air            Unusable   N/A       N/A         3

Dungeon Overview and Level Annotations

Branches:
Dungeon (6/15)
 Temple: D:4-7

Altars:
Makhleb
Nemelex Xobeh
Vehumet
Ignis


Innate Abilities, Weirdness & Mutations

You cannot be hasted, slowed, berserked, paralysed or teleported.
You can dig through walls and to a lower floor.
You have a pair of large antennae on your head. (SInv)
Your four strong arms can wield two-handed weapons with a shield.


Message History

Unknown command.
Unknown command.
Unknown command.
Unknown command.
Unknown command.
Unknown command.
Unknown command.
Unknown command.
Unknown command.
Unknown command.
Flame seeps out of your bullfrog. Flame seeps out of your orc priest.
Your orc's corpse dissolves into shadows!
Your bullfrog is engulfed in poison gas.
Your bullfrog looks even sicker.
Flame seeps out of your bullfrog.
Your orc explodes!
Your adder is engulfed in poison gas.
Your adder looks even sicker.
Flame seeps out of your adder.
Your bullfrog is engulfed in poison gas.
Your bullfrog looks even sicker.
Flame seeps out of your bullfrog.
Your orc priest is engulfed in poison gas.
Your orc priest looks even sicker.
Flame seeps out of your orc priest.
Your adder is engulfed in poison gas.
Your adder looks even sicker.
Your adder's corpse dissolves into shadows!
Your adder explodes!
The fiery explosion engulfs your orc priest!!
Your orc priest's corpse dissolves into shadows!
The fiery explosion engulfs you!!!
Ouch! That really hurt!
Your orc priest explodes!
The fiery explosion engulfs you!
* * * LOW HITPOINT WARNING * * *
The fiery explosion engulfs your bullfrog!!
Your bullfrog's corpse dissolves into shadows!
Your bullfrog explodes!
The fiery explosion engulfs you!!
You die...

#........##........#.........
#....§§§§§§§.§§....##........
###....§§§§§§§#§..##....#......
#......♣§§§§§§§§..##....#.#'#..
#......§§§§§§§§§........###.##.
#..♣...♣§§§§§§§###...#####...##
#......§§§§§§§§§##...§..#.....#
#..♣...♣§§§§§§§§##§§§§..##_._##
#......§§§§§§§@§§§§§§§...#####.
#..♣...♣§§§§§§§§§§§§§§.........
###......§§§§§§§§§§§§§§§....##...
#....♣...♣§§§§§§§§§§§§§§.........
.........§§§§§§§§§§§§§§§.........
.....♣...♣§§§§§#§§§§§§§§...#...##
#........§§§##§##§§§§§§§.#.#..##
.....♣...♣§§####.§§§§§§§##....###
##..........#....................


There were no monsters in sight!

Vanquished Creatures
  Menkaure (D:5)
  Edmund (D:4)
  2 ogres (D:5)
  4 scorpions
  A crimson imp (D:6)
  A gnoll bouda (D:6)
  An orc priest (D:5)
  A hound (D:6)
  An iguana (D:6)
  Ijyb (D:4)
  5 orc wizards
  Robin (D:2)
  8 gnolls (D:6)
  4 adders
  2 white imps (D:5)
  A dart slug (D:4)
  13 orcs
  10 ball pythons
  5 bats
  7 endoplasms
  2 giant cockroaches
  14 goblins
  7 hobgoblins
  6 jackals
  7 kobolds
  5 quokkas
  5 frilled lizards (D:1)
  7 rats
123 creatures vanquished.

Vanquished Creatures (others)
  19 foxfires (D:6)
19 creatures vanquished.

Grand Total: 142 creatures vanquished

Notes
Turn   | Place    | Note
-------+----------+-------------------------------------------
     0 | D:1      | Arum the Formicid Fighter began the quest for the Orb.
     0 | D:1      | Reached XP level 1. HP: 18/18 MP: 1/1
    76 | D:1      | Reached XP level 2. HP: 24/24 MP: 2/2
   414 | D:1      | Reached XP level 3. HP: 29/30 MP: 3/3
   730 | D:1      | Found a faded altar of an unknown god.
   736 | D:1      | Prayed at the altar of an unknown god.
   736 | D:1      | Became a worshipper of Ignis, the Dying Flame
  1361 | D:2      | Reached XP level 4. HP: 37/37 MP: 4/4
  1535 | D:2      | Noticed Robin
  1554 | D:2      | Killed Robin
  2053 | D:3      | Noticed a scorpion
  2065 | D:3      | Killed a scorpion
  2066 | D:3      | Reached XP level 5. HP: 34/43 MP: 5/5
  2579 | D:3      | Identified the +0 ring mail of Resourcefulness {Rampage
                  | Fly}
  2755 | D:4      | Reached XP level 6. HP: 49/49 MP: 6/6
  2793 | D:4      | Reached skill level 5 in Fighting
  2793 | D:4      | Reached skill level 5 in Armour
  2963 | D:4      | Noticed Ijyb
  2964 | D:4      | Noticed Edmund
  2974 | D:4      | Killed Ijyb
  2975 | D:4      | Reached XP level 7. HP: 52/54 MP: 7/7
  2990 | D:4      | Killed Edmund
  3272 | D:4      | Found a sparkling altar of Nemelex Xobeh.
  3325 | D:5      | Entered Level 5 of the Dungeon
  3343 | D:5      | Identified the +0 scale mail "Yzischuto" {rN+++ Will+ Dex+2
                  | Stlth-}
  3435 | D:5      | Noticed Menkaure
  3450 | D:5      | Killed Menkaure
  3451 | D:5      | Reached skill level 5 in Staves
  3500 | D:5      | Reached XP level 8. HP: 36/63 MP: 8/8
  4615 | D:6      | Found a burning altar of Makhleb.
  4616 | D:6      | Found a radiant altar of Vehumet.
  4637 | D:6      | Fell from the grace of Ignis
  4637 | D:6      | Became a worshipper of Makhleb the Destroyer
  4868 | D:6      | Killed by an exploding bullfrog... ignited by their inner
                  | flame

Illustrated notes

Levels and vault maps discovered:
D:1:      dpeg_arrival_water_temple_mockup, layout_loops_ring,
          shapermc_ecumenical_altar_mp_highgroup
D:2:      layout_basic, minmay_tromino_v4_a, uniq_robin
D:3:      layout_loops_ring
D:4:      layout_basic, overflow_temple_1_default, minmay_misc_feat_enclosed,
          uniq_edmund, uniq_ijyb
D:5:      layout_cave_pods, uniq_menkaure
D:6:      layout_cave_pools, grunt_temple_overflow_lords_of_destruction,
          serial_park, serial_park_tiny_2, serial_park_paths
          [serial_park_minivault_5x5_7], serial_park_avenue1, serial_park_gazebo
          [serial_park_minivault_5x5_7], serial_park_tiny_1, serial_park_tiny_2

Skill      XL: |  1  2  3  4  5  6  7  8 |
---------------+-------------------------+-----
Fighting       | 4 5 6 7 |  7.0
Armour         | 4 5 6 7 |  7.0
Staves         | 3 4 5 |  5.9
Shields        | |  4.0

Action                   |  1- 3 |  4- 6 |  7- 9 || total
-------------------------+-------+-------+-------++-------
Melee: Quarterstaff      |   108 |   114 |   169 ||   391
Invok: Fiery Armour      |       |       |     1 ||     1
       Foxfire Swarm     |       |       |     1 ||     1
 Abil: Dig               |     2 |     2 |     2 ||     6
Evoke: Wand              |       |       |     2 ||     2
  Use: Potion            |       |       |     3 ||     3
       Scroll            |       |       |     5 ||     5
Armor: Scale mail        |    44 |    46 |     4 ||    94
       Ring mail         |       |       |    36 ||    36
Dodge: Dodged            |    40 |    43 |    45 ||   128
Block: Buckler           |    28 |    35 |    18 ||    81
       Kite shield       |       |       |    37 ||    37
